 Dungeon Crawl Stone Soup version 0.27-a0-328-g7f782ed93a (webtiles) character file.

Game seed: 16248084595455169045

12512 lunkers the Black Belt (level 11, -2/106 HPs)
             Began as a Merfolk Transmuter on Feb 11, 2021.
             Was a Priest of Ru.
             Slain by a cane toad (17 damage)
             ... on level 2 of the Lair of Beasts.
             The game lasted 00:29:16 (17832 turns).

lunkers the Black Belt (Merfolk Transmuter)        Turns: 17832, Time: 00:29:16

Health: -2/106     AC:  6    Str: 10    XL:     11   Next: 94%
Magic:  0/14       EV: 13    Int: 13    God:    Ru [***...]
Gold:   834        SH:  0    Dex: 18    Spells: 1/14 levels left

rFire    x . .     SeeInvis +     - Unarmed
rCold    + + +     Faith    .   (shield currently unavailable)
rNeg     . . .     Spirit   +   (armour currently unavailable)
rPois    +         Reflect  .   (helmet currently unavailable)
rElec    .         Harm     .   (cloak currently unavailable)
rCorr    .         Rampage  .   (gloves currently unavailable)
Will     .....                  (boots currently unavailable)
Stlth    ++........             r - amulet of guardian spirit
HPRegen  0.27/turn              q - ring of protection from cold
MPRegen  0.14/turn              K - ring of see invisible

@: ice-form, no scrolls
A: large, (change form in water), (swift swim), (stealthy swim), inability to
read while threatened, inexperienced 1
a: End Transformation, Renounce Religion, Sacrifice Stealth, Sacrifice Courage,
Sacrifice Artifice, Reject Sacrifices, Draw Out Power


You were on level 2 of the Lair of Beasts.
You worshipped Ru.
Ru was most pleased with you.
You were a creature of crystalline ice.
You visited 2 branches of the dungeon, and saw 12 of its levels.

You collected 834 gold pieces.

Inventory:

Armour
 a - a +0 robe (melded)
 h - a +0 cloak (melded)
 u - a +0 buckler
 v - the +2 pair of gloves of Exo Qira (melded) {rElec Str+2}
   (You found it on level 4 of the Dungeon)

   It affects your strength (+2).
   It insulates you from electricity.
 J - a +2 buckler
Jewellery
 q - a ring of protection from cold (left front paw)
 r - an amulet of guardian spirit (around neck)
 D - a ring of ice
 H - a ring of resist corrosion
 K - a ring of see invisible (right front paw)
Wands
 m - a wand of acid (19)
 n - a wand of random effects (31)
 p - a wand of paralysis (3)
 F - a wand of flame (33)
 G - a wand of charming (6)
Scrolls
 b - 5 scrolls of identify
 d - 3 scrolls of teleportation
 f - 3 scrolls of blinking {unknown}
 i - 4 scrolls of noise {unknown}
 k - 2 scrolls of enchant weapon {unknown}
 l - 4 scrolls of magic mapping {unknown}
 s - 4 scrolls of amnesia {unknown}
 w - 3 scrolls of immolation {unknown}
 y - 2 scrolls of enchant armour {unknown}
 A - 2 scrolls of fog {unknown}
 L - a scroll of fear {unknown}
Potions
 c - a potion of attraction
 e - 4 potions of heal wounds
 g - 3 potions of lignification
 j - 6 potions of curing
 o - 3 potions of cancellation
 x - 3 potions of haste
 z - 2 potions of flight
 B - a potion of brilliance
 C - a potion of mutation
 E - a potion of invisibility
 I - a potion of might
Miscellaneous
 t - a phial of floods


   Skills:
 + Level 9.0 Fighting
 + Level 5.4 Dodging
 * Level 15.2 Unarmed Combat
 - Level 2.0 Spellcasting
 + Level 13.0 Transmutations


You had one spell level left.
You knew the following spells:

 Your Spells              Type           Power        Failure   Level
b - Blade Hands           Tmut           17%          3%          5
c - Spider Form           Tmut/Pois      9%           5%          3
d - Ice Form              Ice/Tmut       18%          17%         4
p - Beastly Appendage     Tmut           70%          1%          1

Your spell library contained the following spells:

 Spells                   Type           Power        Failure   Level
 Foxfire                  Conj/Fire      4%           26%         1
 Wereblood                Tmut           35%          1%          2
 Conjure Flame            Conj/Fire      1%           58%         3
 Inner Flame              Hex/Fire       1%           58%         3
 Sticky Flame             Conj/Fire      1%           94%         4
 Fireball                 Conj/Fire      0%           100%        5


Dungeon Overview and Level Annotations

Branches:
Dungeon (10/15)            Temple (0/1) D:5            Lair (2/6) D:10
    Orc (0/2) D:9
  Swamp: Lair:2-4    Shoals: Lair:2-4     Snake: Lair:2-4    Spider: Lair:2-4

Altars:
Ashenzari
Cheibriados
Elyvilon
Gozag
Nemelex Xobeh
Ru
Sif Muna
Trog
The Shining One

Shops:
D:4 =

Portals:
Trove: D:10 (give 16 potions of curing)

Annotations:
D:4 2 runed translucent doors
D:7 2 transporters, tabyourdongers's ghost, weakling TrDe
D:8 2 runed translucent doors, snackwell's ghost, novice HuIE
D:9 exclusion: orange crystal statue
Lair:1 exclusion: oklob plant
Lair:2 exclusion: 4 oklob plants


Innate Abilities, Weirdness & Mutations

((You revert to your normal form in water.))
((You are very nimble and swift while swimming.))
((You are very stealthy in the water. (Stealth+)))
You cannot read scrolls while threatened.
You are somewhat inexperienced. (-2 XL)


Message History

The seven-headed hydra is heavily wounded.
You hear a loud, deep croak!
Unknown command.
You punch the seven-headed hydra! You freeze the seven-headed hydra.
The seven-headed hydra is severely wounded.
The seven-headed hydra bites you but does no damage.
The seven-headed hydra bites you!
* * * LOW HITPOINT WARNING * * *
The seven-headed hydra misses you. The seven-headed hydra bites you!
* * * LOW HITPOINT WARNING * * *
The seven-headed hydra bites you.
* * * LOW HITPOINT WARNING * * *
The seven-headed hydra closely misses you.
The seven-headed hydra bites you.
* * * LOW HITPOINT WARNING * * *
A cane toad comes into view.
You pummel the seven-headed hydra!!
The seven-headed hydra seems to slow down.
You freeze the seven-headed hydra!
You kill the seven-headed hydra!
Your Fighting skill increases to level 9!
Unknown command.
Unknown command.
You can read scrolls again.
You completely miss the cane toad. The cane toad stings you!!
You feel threatened and lose the ability to read scrolls!
* * * LOW MAGIC WARNING * * *
* * * LOW HITPOINT WARNING * * *
You focus your inner power and illuminate the cane toad in retribution!
Unknown command.
Unknown command.
You punch the cane toad!
The cane toad seems to slow down.
You freeze the cane toad.
The cane toad is heavily wounded.
You hit the cane toad.
The cane toad seems to slow down.
You freeze the cane toad.
The cane toad is severely wounded.
The cane toad stings you!!
* * * LOW MAGIC WARNING * * *
You die...

.####................##
.....................#
.....................#
...................##
....................#
+#P#......####.P.#.P#
#......#######.##
#.....##....#P.P#
##Y.............###
#.F....##.........#
##.....##.......#.#
##.....###.####.###
#......#.#.###..#
#.#............###
...................Ph|..
...................P$($(
...................P./P.


You could see a cane toad (slow, corona).

Vanquished Creatures
  A boulder beetle (D:9)
  Erica (D:9)
  A hydra (Lair:2)
  Pikel (D:6)
  An elephant (D:10)
  A black mamba (Lair:1)
  5 cane toads (Lair:1)
  A gargoyle (D:10)
  2 komodo dragons
  A rime drake (Lair:1)
  2 guardian mummies (D:10)
  A troll (D:9)
  4 blink frogs (Lair:2)
  A wyvern (Lair:1)
  11 yaks
  Grum (D:8)
  A basilisk (D:10)
  3 water moccasins (Lair:1)
  2 ice beasts
  8 orc warriors
  4 black bears
  A hornet zombie (D:10)
  5 sky beasts
  A necrophage (D:10)
  6 ogres
  4 wolves
  6 centaurs
  4 lemures (D:6)
  3 phantoms
  A kobold brigand (D:9)
  6 bullfrogs
  A gnoll sergeant (D:9)
  2 scorpions
  5 killer bees (D:10)
  3 wights (D:5)
  A howler monkey (D:5)
  2 bullfrog zombies
  4 hounds
  3 centaur skeletons
  6 orc priests
  2 bullfrog skeletons (D:9)
  5 iguanas
  Natasha (twice) (D:2)
  Terence (D:2)
  11 orc wizards
  10 worker ants
  A hound skeleton (D:7)
  5 gnolls (D:9)
  A worker ant zombie (D:7)
  16 adders
  3 shadow imps
  3 white imps
  3 ufetubi
  An ooze (D:4)
  2 adder zombies
  2 adder skeletons
  2 worms (D:2)
  5 dart slugs
  2 leopard geckos
  36 orcs
  A ball python (D:3)
  11 bats
  11 giant cockroaches
  6 goblins
  10 hobgoblins
  16 jackals
  8 kobolds
  11 quokkas
  2 frilled lizards
  A jackal skeleton (D:6)
  A leopard gecko skeleton (D:2)
  A quokka skeleton (D:7)
  6 rats
315 creatures vanquished.

Vanquished Creatures (others)
  A fungus (D:10)
  37 plants
38 creatures vanquished.

Grand Total: 353 creatures vanquished

Notes
Turn   | Place    | Note
-------+----------+-------------------------------------------
     0 | D:1      | lunkers the Merfolk Transmuter began the quest for the Orb.
     0 | D:1      | Reached XP level 1. HP: 15/15 MP: 3/3
   140 | D:1      | Reached XP level 2. HP: 9/21 MP: 3/5
   478 | D:1      | Reached skill level 4 in Unarmed Combat
   765 | D:1      | Reached XP level 3. HP: 20/26 MP: 4/6
  1653 | D:2      | Noticed Terence
  1684 | D:1      | Learned a level 3 spell: Spider Form
  1692 | D:2      | Killed Terence
  1693 | D:2      | Reached XP level 4. HP: 32/32 MP: 3/7
  1776 | D:2      | Reached skill level 5 in Unarmed Combat
  1866 | D:2      | Found a faded altar of an unknown god.
  2247 | D:2      | Noticed Natasha
  2253 | D:2      | Killed Natasha
  2254 | D:2      | Reached XP level 5. HP: 35/37 MP: 5/8
  2381 | D:2      | Noticed Natasha
  2390 | D:2      | Killed Natasha
  3220 | D:3      | Reached skill level 6 in Unarmed Combat
  3364 | D:3      | Reached skill level 5 in Transmutations
  3364 | D:3      | Reached XP level 6. HP: 43/43 MP: 5/9
  4098 | D:4      | Found a large runed translucent door.
  4098 | D:4      | Found a large runed translucent door.
  4218 | D:4      | Reached skill level 7 in Unarmed Combat
  4223 | D:4      | Reached XP level 7. HP: 42/48 MP: 7/10
  4283 | D:4      | Found a large runed translucent door.
  4283 | D:4      | Found a large runed translucent door.
  4581 | D:4      | Got a pair of brightly glowing gloves
  4596 | D:4      | Identified the +2 pair of gloves of Exo Qira {rElec Str+2}
                  | (You found it on level 4 of the Dungeon)
  4666 | D:4      | Reached skill level 8 in Unarmed Combat
  4862 | D:4      | Found Vashuime's Jewellery Shop.
  4897 | D:4      | Found a glowing golden altar of the Shining One.
  4897 | D:4      | Found a bloodstained altar of Trog.
  5103 | D:5      | Entered Level 5 of the Dungeon
  5217 | D:5      | Found an opulent altar of Gozag.
  5224 | D:5      | Reached XP level 8. HP: 25/54 MP: 3/11
  5484 | D:5      | Found a sparkling altar of Nemelex Xobeh.
  5484 | D:5      | Found a snail-covered altar of Cheibriados.
  5492 | D:5      | Found a broken altar of Ashenzari.
  5494 | D:5      | Found a shimmering blue altar of Sif Muna.
  5495 | D:5      | Found a sacrificial altar of Ru.
  5509 | D:5      | Became a worshipper of Ru the Awakened
  5780 | D:5      | Reached skill level 9 in Unarmed Combat
  6516 | D:5      | Found a staircase to the Ecumenical Temple.
  7006 | D:6      | Reached skill level 10 in Unarmed Combat
  7461 | D:6      | Gained mutation: You cannot read scrolls while threatened.
                  | [Ru sacrifice]
  7461 | D:6      | Reached * piety under Ru
  7659 | D:6      | Noticed Pikel
  7669 | D:6      | Killed Pikel
  7670 | D:6      | Reached XP level 9. HP: 49/63 MP: 6/12
  7996 | D:6      | Reached skill level 11 in Unarmed Combat
  8663 | D:7      | Learned a level 5 spell: Blade Hands
  8713 | D:7      | Noticed a moth of wrath
  8724 | D:7      | Found a transporter.
  8758 | D:7      | Noticed tabyourdongers's ghost (weakling TrDe)
  8776 | D:7      | Found a transporter.
  9596 | D:7      | Found a white marble altar of Elyvilon.
 10368 | D:8      | Reached skill level 10 in Transmutations
 10432 | D:8      | Noticed Grum
 10444 | D:8      | Reached XP level 10. HP: 51/73 MP: 4/13
 10614 | D:7      | Reached skill level 5 in Fighting
 10614 | D:7      | Reached skill level 12 in Unarmed Combat
 10798 | D:8      | Killed Grum
 10901 | D:8      | Found a large runed translucent door.
 10903 | D:8      | Found a large runed translucent door.
 10905 | D:8      | Noticed snackwell's ghost (novice HuIE)
 11170 | D:8      | Gained mutation: You are somewhat inexperienced. (-2 XL)
                  | [Ru sacrifice]
 11170 | D:8      | Reached XP level 9. HP: 68/68 MP: 12/12
 11170 | D:8      | Reached XP level 8. HP: 63/63 MP: 11/11
 11170 | D:8      | Reached ** piety under Ru
 11170 | D:8      | Reached *** piety under Ru
 11400 | D:9      | Noticed a boulder beetle
 11410 | D:9      | Killed a boulder beetle
 11411 | D:9      | Reached XP level 9. HP: 25/69 MP: 3/12
 11853 | D:9      | Noticed Erica
 11867 | D:9      | Killed Erica
 11868 | D:9      | Reached skill level 13 in Unarmed Combat
 12454 | D:9      | Noticed an orange crystal statue
 12914 | D:9      | Found a staircase to the Orcish Mines.
 12914 | D:9      | Noticed a troll
 12925 | D:9      | Reached XP level 10. HP: 68/77 MP: 6/13
 13629 | D:9      | Found an opulent altar of Gozag.
 14042 | D:10     | Entered Level 10 of the Dungeon
 14047 | D:10     | Noticed a gargoyle
 14460 | D:10     | Killed a gargoyle
 14607 | D:10     | Found a staircase to the Lair.
 14607 | D:10     | Noticed an elephant
 14634 | D:10     | Killed an elephant
 14635 | D:10     | Reached skill level 14 in Unarmed Combat
 14761 | D:10     | Reached XP level 11. HP: 17/86 MP: 0/14
 15092 | D:10     | Learned a level 4 spell: Ice Form
 15599 | D:10     | Found a portal to a secret trove of treasure.
 15820 | Lair:1   | Entered Level 1 of the Lair of Beasts
 16974 | Lair:1   | Reached skill level 15 in Unarmed Combat
 17063 | Lair:1   | Noticed an oklob plant
 17535 | Lair:2   | Reached skill level 5 in Dodging
 17796 | Lair:2   | Noticed an oklob plant
 17796 | Lair:2   | Noticed an oklob plant
 17796 | Lair:2   | Noticed an oklob plant
 17796 | Lair:2   | Noticed an oklob plant
 17812 | Lair:2   | Noticed a seven-headed hydra
 17820 | Lair:2   | Killed a seven-headed hydra
 17832 | Lair:2   | Slain by a cane toad

Illustrated notes

Levels and vault maps discovered:
D:1:      psy_arrival_heroes, layout_basic, chequers_big_river,
          minmay_tetromino_t4
D:2:      layout_basic, chequers_ecumenical_altar_simple, uniq_natasha,
          uniq_terence
D:3:      layout_basic, st_stairs_8, minmay_cut_off
D:4:      layout_rooms, amethyst_overflow_temple_binary, serial_shops,
          nicolae_shop_behind_doors, chequers_serial_rivers_small_b,
          minmay_hollow_rounded_squares
D:5:      layout_loops_corners, chequers_temple_overflow_minitemple,
          minmay_temple_entry_waves, basic_altar
D:6:      layout_basic, hangedman_abyss_or_decor_lesser_grid, uniq_pikel
D:7:      layout_basic, old_standard_altar, gammafunk_ghost_berserking_beasts,
          kennysheep_generic_room_11
D:8:      layout_rooms, ebering_ghost_disaster_area, st_stairs_14, uniq_grum
D:9:      minmay_statue_hallways, layout_loops_cross,
          kennysheep_orc_monster_closet_entryway, basic_altar, st_stairs_3,
          uniq_erica
D:10:     layout_small_grid, david_lair_generic,
          nicolae_trove_entry_path_of_doom
Lair:1:   minmay_lair_oklob_tunnel, layout_misc_corridors,
          chequers_serial_rivers_marsh, beast_lair_carwin_2, grunt_megastairs_2
Lair:2:   layout_regular_city, hangedman_lair_unloving_vines,
          chequers_serial_rivers_micro_a, grunt_megastairs_1,
          minmay_lair_oklob_chamber

Skill      XL: |  1  2  3  4  5  6  7  8  9 10 11 |
---------------+----------------------------------+-----
Transmutations | 3 4 5 6 7 9 11 12 13 | 13.0
Unarmed Combat | 4 5 6 7 8 10 13 14 15 | 15.2
Fighting       | 6 4 7 9 |  9.0
Dodging        | 5 |  5.4
Spellcasting   | |  2.0

Action                   |  1- 3 |  4- 6 |  7- 9 | 10-12 || total
-------------------------+-------+-------+-------+-------++-------
Melee: Unarmed           |   104 |   148 |   437 |   226 ||   915
       Headbutt          |     9 |       |       |       ||     9
       Punch             |       |     2 |    14 |    16 ||    32
 Cast: Beastly Appendage |    19 |     4 |       |     2 ||    25
       Spider Form       |     1 |    15 |    51 |     1 ||    68
       Blade Hands       |       |       |    10 |    36 ||    46
       Ice Form          |       |       |       |     1 ||     1
Invok: Sacrifice Words   |       |       |     1 |       ||     1
       Sacrifice Experie |       |       |     1 |       ||     1
       Draw Out Power    |       |       |       |     1 ||     1
Evoke: Wand              |       |       |     1 |     1 ||     2
  Use: Scroll            |       |       |    10 |     1 ||    11
 Stab: Sleeping          |     2 |     4 |     3 |     1 ||    10
       Distracted        |       |       |     1 |     1 ||     2
       Invisible         |       |       |       |     1 ||     1
       Petrifying        |       |       |       |     1 ||     1
Armor: Robe              |    22 |    15 |    23 |    10 ||    70
       Skin              |       |     7 |    14 |     2 ||    23
Dodge: Dodged            |    86 |   105 |   302 |   125 ||   618

Table legend: (Time is in decaauts)
 A = Elapsed time spent in this place.
 B = Non-inter-level travel time spent in this place.
 C = Inter-level travel time spent in this place.
 D = Time resting spent in this place.
 E = Time spent auto-exploring this place.
 F = Levels seen in this place.
 G = Mean time per level.
                   A        B        C        D        E       F      G
               +--------+--------+--------+--------+--------+-----+--------+
         Total |  17655 |  17355 |    300 |   2107 |  12835 |  12 | 1471.2 |
       Dungeon |  15929 |  15649 |    280 |   2078 |  11356 |  10 | 1592.9 |
          Lair |   1725 |   1706 |     19 |     29 |   1478 |   2 |  862.5 |
               +--------+--------+--------+--------+--------+-----+--------+

Top non-repeatable levels by time:
     D:9: 2364 daAuts
     D:6: 1888 daAuts
     D:5: 1852 daAuts
     D:8: 1645 daAuts
    D:10: 1620 daAuts
     D:7: 1503 daAuts
  Lair:1: 1404 daAuts
     D:1: 1353 daAuts
     D:3: 1318 daAuts
     D:2: 1280 daAuts
     D:4: 1103 daAuts
  Lair:2: 321 daAuts
